 Dungeon Crawl Stone Soup version 0.31-a0-202-g547052bce9 (webtiles) character file.

Game seed: 11851759916758036944

45 qw the Shooter (level 3, -2/20 HPs)
             Began as a Deep Elf Hunter on June 26, 2023.
             Slain by Natasha (6 damage)
             ... on level 2 of the Dungeon.
             The game lasted 00:00:19 (973 turns).

qw the Shooter (Deep Elf Hunter)                     Turns: 973, Time: 00:00:19

Health: -2/20      AC:  6    Str: 10    XL:     3   Next: 42%
Magic:  5/5        EV: 11    Int: 13    God:
Gold:   75         SH:  0    Dex: 18    Spells: 2/2 levels left

rFire   . . .        Y - +0 shortbow
rCold   . . .        (shield currently unavailable)
rNeg    . . .        d - +0 ring mail
rPois   .            g - +0 helmet
rElec   .            (no cloak)
rCorr   .            (no gloves)
SInv    .            (no boots)
Will    .....        (no amulet)
Stlth   +            (no ring)
HPRegen 0.23/turn    (no ring)
MPRegen 0.09/turn

%: no passive effects
@: no status effects
A: no striking features
a: no special abilities


You were on level 2 of the Dungeon.
You visited 1 branch of the dungeon, and saw 2 of its levels.

You collected 75 gold pieces.


   Skills:
 - Level 1.5 Fighting
 + Level 7.0 Ranged Weapons
 - Level 2.4 Dodging
 - Level 1.2 Stealth


You had 2 spell levels left.
You didn't know any spells.
Your spell library was empty.

Inventory:

Hand Weapons
 Y - a +0 shortbow (weapon)
Armour
 d - a +0 ring mail (worn)
 g - a +0 helmet (worn)
Potions
 h - a potion of curing {unknown}

Dungeon Overview and Level Annotations

Branches:
Dungeon (2/15)

Altars:

Annotations:
D:2 Natasha


Message History

The arrow barely misses the cerulean imp.
Natasha stares at you and mumbles some strange words.
You resist with some effort.
You shoot an arrow. The arrow hits the cerulean imp.
The cerulean imp is almost dead.
You shoot an arrow.
The arrow barely misses the cerulean imp.
The arrow barely misses Natasha.
The cerulean imp closely misses you.
You shoot an arrow.
The arrow hits the cerulean imp but does no damage.
The cerulean imp is almost dead.
The cerulean imp closely misses you.
You shoot an arrow. The arrow closely misses Natasha.
The arrow hits the cerulean imp.
You kill the cerulean imp!
The cerulean imp disappears in a puff of smoke!
Natasha wildly gestures.
Natasha glows brightly for a moment.
Natasha claws you.
You shoot an arrow. The arrow completely misses Natasha.
Natasha claws you but does no damage. Natasha misses you.
You shoot an arrow. The arrow closely misses Natasha.
Natasha claws you!
You shoot an arrow.
The arrow hits Natasha but does no damage.
Natasha mumbles some strange words.
You shoot an arrow.
The arrow hits Natasha but does no damage.
Natasha barely misses you.
The cerulean imp hits you from afar with a +2 spear.
You shoot an arrow. The arrow hits Natasha.
Natasha is moderately wounded.
Natasha misses you.
The cerulean imp hits you from afar with a +2 spear.
You shoot an arrow. The arrow barely misses Natasha.
Natasha misses you.
The cerulean imp hits you but does no damage.
Natasha claws you.
You die...

......<..........#
.#.#..##########.#
.....).........#.#
.#.#...).......#.#
...............#.#
...............#.#
###............#.# #
...............#.#.#
#####.....#....#@.#
.............. #h.5#
###..###..... #...#
##.#.# .#... ......
...#.###.....
....### ##.........
. ...... ##.###.##.
.......# #...#.#
.....#..# ###...#
...


You could see Natasha and a cerulean imp (summoned).

Vanquished Creatures
  Natasha (D:2)
  A dart slug (D:1)
  3 ball pythons
  3 bats (D:1)
  An endoplasm (D:1)
  A giant cockroach (D:1)
  3 hobgoblins
  2 frilled lizards (D:1)
  3 goblins
  A rat (D:2)
19 creatures vanquished.

Notes
Turn   | Place    | Note
-------+----------+-------------------------------------------
     0 | D:1      | qw the Deep Elf Hunter began the quest for the Orb.
     0 | D:1      | Reached XP level 1. HP: 12/12 MP: 3/3
     0 | D:1      | 0 ||| qw: Version: 0.3-a-22-g0ed2b0b
     0 | D:1      | 0 ||| qw: Game counter: 5940
     0 | D:1      | 0 ||| qw: Melee chars always use a shield: true
     0 | D:1      | 0 ||| qw: God list: Okawaru
     0 | D:1      | 0 ||| qw: Allow faded altars: false
     0 | D:1      | 0 ||| qw: Do Orc after clearing Dungeon:15 true
     0 | D:1      | 0 ||| qw: Do second Lair branch before Depths: true
     0 | D:1      | 0 ||| qw: Lair rune preference: random
     0 | D:1      | 0 ||| qw: Goals: Normal
     0 | D:1      | 0 ||| PLANNING D:1-11
    50 | D:1      | 50 ||| FLEEEEING.
    51 | D:1      | 51 ||| FLEEEEING.
    52 | D:1      | 52 ||| FLEEEEING.
    54 | D:1      | 54 ||| FLEEEEING.
   162 | D:1      | Reached skill level 6 in Ranged Weapons
   162 | D:1      | Reached XP level 2. HP: 16/16 MP: 4/4
   706 | D:1      | 706 ||| UPGRADING to +0 ring mail.
   716 | D:1      | 716 ||| DROPPING +0 leather armour.
   717 | D:1      | 717 ||| UPGRADING to +0 helmet.
   722 | D:1      | 722 ||| READING scroll labelled NEUCOI RYHEA.
   723 | D:1      | 723 ||| READING scroll labelled LOTAWKAMI RIUPH.
   824 | D:1      | 824 ||| READING scroll labelled ADGHEBY UNLE.
   827 | D:1      | 827 ||| DROPPING scroll of butterflies.
   863 | D:2      | Noticed Natasha
   869 | D:2      | Killed Natasha
   870 | D:2      | Reached XP level 3. HP: 20/20 MP: 5/5
   933 | D:2      | Reached skill level 7 in Ranged Weapons
   961 | D:2      | Noticed Natasha
   972 | D:2      | HP: 4/20 [cerulean imp/+2 spear[Natasha] (5)]
   973 | D:2      | Slain by Natasha

Levels and vault maps discovered:
D:1:      saegor_arrival_fortress, layout_rooms, serial_corexii_hall,
          corexii_hall_statues_s, corexii_hall_statues_i,
          minmay_tree_intersection, chequers_jeans, serial_bayou_pond_c,
          skrybe_limestone_x, st_stairs_5, minmay_misc_feat_more_columns,
          chequers_decorated_corner
D:2:      cheibrodos_greedy_goblins, layout_rooms, serial_co_window_serial,
          co_window_paths_a, co_window_paths_a, co_window_of_opportunity_a,
          co_window_paths_a, co_window_corner_a, co_window_of_opportunity_b,
          co_window_corner_cb, co_window_2corner, co_window_paths_c,
          co_window_4corner_a, co_window_paths_d, glass_columns_a, uniq_natasha

Skill      XL: |  1  2  3 |
---------------+----------+-----
Ranged Weapons | 6 7 |  7.0
Fighting       | |  1.5
Dodging        | |  2.4
Stealth        | |  1.2

Action                     || total
---------------------------++-------
   Fire: Shortbow          ||    58
    Use: Scroll            ||     3
 Armour: Leather armour    ||     7
         Ring mail         ||     3
  Dodge: Dodged            ||    13

Table legend:
 A = Non-vault XP
 B = Vault XP
 C = Vault XP percentage of total XP
 D = Non-vault monster count
 E = Vault monster count
 F = Vault count percentage of total count
                 A         B        C        D         E       F
            +---------+---------+-------+---------+---------+-------
      Total |      28 |      37 |  56.9 |      16 |       3 |  15.8
            +---------+---------+-------+---------+---------+-------
        D:1 |      20 |       4 |  16.7 |      11 |       2 |  15.4
        D:2 |       8 |      33 |  80.5 |       5 |       1 |  16.7
            +---------+---------+-------+---------+---------+-------
